 Dungeon Crawl Stone Soup version 0.29-a0-584-gb10a8bf730 (webtiles) character file.

Game seed: 149423248321052537

120238 Gargoyl the Warrior (level 16, -2/111 HPs)
             Began as a Gargoyle Berserker on June 15, 2022.
             Was a Priest of Trog.
             Slain by a wolf spider simulacrum (22 damage)
             ... on level 2 of the Lair of Beasts.
             The game lasted 00:43:46 (34865 turns).

Gargoyl the Warrior (Gargoyle Berserker)           Turns: 34865, Time: 00:43:47

Health: -2/111     AC: 48    Str: 26    XL:     16   Next: 81%
Magic:  0/16       EV:  8    Int: 11    God:    Trog [***...]
Gold:   1196       SH:  0    Dex: 26    Spells: 15/15 levels left

rFire   . . .      SeeInvis .   n - +3 trident (venom)
rCold   . . .      Faith    .   (no shield)
rNeg    + . .      Spirit   +   A - +8 chain mail "Toqa" {Dex+5}
rPois   ∞          Reflect  .   i - +2 helmet
rElec   +          Harm     .   d - +2 cloak
rCorr   .          Rampage  .   h - +2 pair of gloves
Will    +++..                   (no boots)
Stlth   ..........              M - amulet of guardian spirit
HPRegen 1.28/turn               E - +6 ring of dexterity
MPRegen 0.15/turn               N - +4 ring of protection

@: strong-willed, on berserk cooldown, flying, held, regenerating, slowed, very
slow
A: sickness immunity, AC +12, big wings, negative energy resistance 1,
electricity resistance, torment resistance 1, petrification resistance, agile 1,
clever 1, strong 1, wild magic 1
a: Renounce Religion, Berserk, Trog's Hand


You were on level 2 of the Lair of Beasts.
You worshipped Trog.
Trog was most pleased with you.
You visited 4 branches of the dungeon, and saw 24 of its levels.
You also visited: Sewer and Volcano.

You collected 2496 gold pieces.
You spent 1300 gold pieces at shops.

Inventory:

Hand Weapons
 e - a +5 hand axe of freezing
 n - a +3 trident of venom (weapon)
 w - the +5 spear of Ascent {freeze, Fly rC+ Dex+3}
   (You bought it in a shop on level 6 of the Dungeon)

   It freezes those it strikes, dealing additional cold damage.
   It can also slow down cold-blooded creatures.
   Dex:       It affects your dexterity (+3).
   rC:        It protects you from cold.
   Fly:       It grants you flight.
 J - a +0 broad axe of flaming
Missiles
 c - 48 poisoned darts (quivered)
 y - 4 throwing nets
 C - 15 curare-tipped darts
Armour
 d - a +2 cloak (worn)
 h - a +2 pair of gloves (worn)
 i - a +2 helmet (worn)
 A - the +8 chain mail "Toqa" (worn) {Dex+5}
   (You found it on level 9 of the Dungeon)

   Dex:       It affects your dexterity (+5).
 I - the +4 plate armour of Time Monsters {rPois rF+ Int+7 Stlth-}
   (You bought it in a shop on level 1 of the Orcish Mines)

   Int:       It affects your intelligence (+7).
   rF:        It protects you from fire.
   rPois:     It protects you from poison.
   Stlth:     It makes you less stealthy.
 K - a +4 chain mail of fire resistance
Jewellery
 D - a ring of resist corrosion
 E - a +6 ring of dexterity (left hand)
 M - an amulet of guardian spirit (around neck)
 N - a +4 ring of protection (right hand)
Wands
 l - a wand of paralysis (10)
 v - a wand of iceblast (9)
 B - a wand of digging (8)
 H - a wand of flame (23)
 L - a wand of charming (3)
Scrolls
 b - 5 scrolls of fear
 k - 11 scrolls of teleportation
 m - 4 scrolls of magic mapping
 s - a scroll of blinking
 t - 4 scrolls of poison
 G - 6 scrolls of identify
 O - 3 scrolls of fog
 P - a scroll of silence
 R - a scroll of summoning
Potions
 a - 2 potions of magic
 g - 8 potions of lignification
 j - 3 potions of cancellation
 o - 5 potions of invisibility
 p - a potion of mutation
 q - 7 potions of heal wounds
 r - 4 potions of haste
 u - 2 potions of berserk rage
 x - 10 potions of curing
 z - 5 potions of flight
 F - a potion of ambrosia
 Q - 2 potions of might


   Skills:
 + Level 16.6 Fighting
 + Level 5.9(12.2) Axes
 + Level 16.4(16.8) Polearms
 + Level 2.6 Throwing
 + Level 15.7 Armour
 + Level 8.5 Dodging
 + Level 4.6 Stealth


You had 15 spell levels left.
You didn't know any spells.
Your spell library was empty.

Dungeon Overview and Level Annotations

Branches:
Dungeon (15/15)            Temple (0/1) D:4            Lair (6/6) D:8
 Shoals (0/4) Lair:2       Spider (1/4) Lair:2        Slime (0/5) Lair:6
    Orc (2/2) D:12            Elf (0/3) Orc:2        Vaults (0/5) D:13
 Depths (0/4) D:15          Sewer (visited)         Volcano (visited)

Altars:
Ashenzari
Cheibriados
Dithmenos
Elyvilon
Fedhas
Makhleb
Ru
Sif Muna
Uskayaw
Vehumet
Wu Jian
The Shining One
Beogh
Jiyva
Lugonu

Shops:
D:6 *   D:9 **==:   D:10 !   D:11 [   D:13 :   D:14 *   Orc:1 [   Orc:2 ![*=

Portals:
Abyss: Lair:6
Pandemonium: Orc:2


Innate Abilities, Weirdness & Mutations

You are immune to sickness and miasma.
Your stone body is resilient. (AC +12)
You are immune to poison.
Your large and strong wings let you fly.
You resist negative energy. (rN+)
You are resistant to electric shocks. (rElec)
You are resistant to unholy torment.
You are immune to petrification.
You are agile. (Dex +2)
Your mind is acute. (Int +2)
Your muscles are strong. (Str +2)
Your spells are a little harder to cast, but a little more powerful.


Message History

The wolf spider simulacrum hits you but does no damage.
The wolf spider simulacrum closely misses you.
The demonic crawler hits you but does no damage.
The demonic crawler closely misses you. The demonic crawler misses you.
You puncture the demonic crawler!
The demonic crawler is poisoned.
The demonic crawler is severely wounded.
You puncture the demonic crawler!
The demonic crawler is almost dead.
The wolf spider simulacrum hits you but does no damage.
The wolf spider simulacrum bites you but does no damage.
The demonic crawler completely misses you. x2
The demonic crawler hits you but does no damage.
You impale the demonic crawler!!
You kill the demonic crawler!
Trog accepts your kill.
You pick your way through the web.
There is a web here.
You see here a demonic crawler corpse.
You are caught in the web!
You feel a strong urge to attack something.
There is a web here.
You see here a culicivora corpse.
You struggle to detach yourself from the web.
You are no longer berserk.
You are exhausted.
You feel yourself slow down.
The wolf spider simulacrum barely misses you.
The wolf spider simulacrum bites you but does no damage.
You struggle to detach yourself from the web.
The wolf spider simulacrum hits you but does no damage.
The wolf spider simulacrum bites you.
The wolf spider simulacrum freezes you!!
* * * LOW HITPOINT WARNING * * *
The wolf spider simulacrum hits you but does no damage.
The wolf spider simulacrum bites you but does no damage.
You struggle to detach yourself from the web.
The wolf spider simulacrum hits you!
* * * LOW HITPOINT WARNING * * *
The wolf spider simulacrum freezes you!!
You die...

..##........................≈≈≈≈≈
..#..........##P...#.......≈≈PP≈≈
..##........####.##........#....≈
.....8..##..#.....#............##
........#........^^............##
........#.....^..^^.^.....###.#..
......##....^.....^^.......#.+##.
..8..###.........^..^.........>..
.............^^.@^.^^............
............^.^^Z^^^.............
............^.^^^†...............
.##.............^^...............
.##..........^.^...^.....##..PP..
..#..........^....^.......##..P..
.8###..P......^.^.^......##......
..# ###......P......P....##.....#
..######...........P#....≈......#


You could see a wolf spider simulacrum.

Vanquished Creatures
  Jorgrun (D:14)
  An orc warlord (Orc:1)
  A stone giant (D:15)
  Azrael (D:12)
  4 entropy weavers (Lair:5)
  A minotaur (D:13)
  Snorg (D:12)
  A red draconian (Volcano)
  An ettin (Orc:2)
  The ghost of Ijustatesigmund the Epochal, a journeyman GrEE of Cheibriados (D:13)
  6 hydras
  2 vault guards (D:13)
  Josephine (Orc:1)
  2 catoblepae
  5 boulder beetles
  An ogre mage (Volcano)
  Erolcha (D:12)
  2 demonspawn (Orc:2)
  2 ghost crabs (Lair:5)
  A centaur warrior (D:15)
  5 tengu warriors
  2 alligators (Lair:6)
  The ghost of FIQ the Thaumaturge, a journeyman DjCj of Elyvilon (D:9)
  14 two-headed ogres
  9 orc high priests (Orc:2)
  8 death yaks
  2 thrashing horrors (Lair:6)
  4 fire crabs (Lair:5)
  Amaemon (Lair:3)
  A sun moth (Spider:1)
  A steelbarb worm (Lair:2)
  A deep elf archer (D:13)
  Pikel (D:5)
  A lindwurm (shapeshifter) (Lair:6)
  A wizard (D:13)
  A necromancer (D:13)
  A deep elf pyromancer (D:15)
  13 ugly things
  4 manticores
  4 orc knights (Orc:2)
  3 cyclopes
  2 orc sorcerers (Orc:2)
  2 wolf spiders (Lair:2)
  A rust devil (Orc:2)
  11 elephants (Lair:6)
  An apocalypse crab (Lair:5)
  6 black mambas
  A gargoyle (D:12)
  9 cane toads
  A smoke demon (Lair:6)
  An orange demon (Lair:3)
  An unseen horror (D:10)
  2 demonic crawlers
  2 efreet
  11 komodo dragons
  2 kobold demonologists
  2 rime drakes
  2 yaktaurs (D:13)
  An ancient zyme (Lair:6)
  2 freezing wraiths
  A red devil (Orc:2)
  9 trolls
  4 large abominations (Lair:6)
  3 polar bears
  13 blink frogs
  3 tarantellas
  2 hornets
  4 slime creatures
  Prince Ribbit (D:8)
  8 dream sheep
  A snapping turtle (Lair:2)
  3 culicivoras
  2 shadows
  3 jumping spiders
  9 wraiths
  42 yaks
  2 ynoxinuls
  Eustachio (D:5)
  3 wyverns
  7 basilisks
  3 chaos spawn
  18 humans (D:13)
  A golden eye (shapeshifter) (D:14)
  5 fire elementals (D:12)
  A redback (Spider:1)
  9 small abominations (Lair:6)
  2 wargs (Orc:1)
  Menkaure (D:6)
  10 water moccasins
  Duvessa (D:7)
  A black bear (D:7)
  2 ice beasts
  3 sky beasts
  2 ogres
  31 wolves
  34 orc warriors
  9 centaurs
  7 kobold brigands
  A phantom (D:5)
  A gnoll sergeant (D:11)
  5 bullfrogs
  A necrophage (D:6)
  6 scorpions
  Dowan (D:7)
  16 killer bees
  An electric eel (Lair:2)
  A howler monkey (D:12)
  4 hounds
  20 orc priests
  3 jellies
  3 gnoll shamans
  4 iguanas
  Terence (D:3)
  18 orc wizards
  6 hell rats (Lair:5)
  20 gnolls
  4 adders
  3 shadow imps
  4 white imps
  2 ufetubi
  A worm (D:5)
  5 dart slugs
  77 orcs
  8 bats
  6 endoplasms
  3 giant cockroaches
  5 goblins
  4 hobgoblins
  3 jackals (D:4)
  28 kobolds
  2 quokkas
  7 ball pythons
  4 frilled lizards
  8 rats
721 creatures vanquished.

Vanquished Creatures (collateral kills)
  An ettin (Orc:1)
  A smoke demon (Lair:6)
  An ancient zyme (Lair:6)
  A water moccasin (Lair:2)
  An orc warrior (Orc:1)
  4 wolves (Lair:2)
  A small abomination (Lair:6)
  6 orcs
16 creatures vanquished.

Vanquished Creatures (others)
  A hydra (Lair:6)
  A pharaoh ant (Lair:2)
  A shadow (D:9)
  19 fungi
  27 plants
49 creatures vanquished.

Grand Total: 786 creatures vanquished

Notes
Turn   | Place    | Note
-------+----------+-------------------------------------------
     0 | D:1      | Gargoyl the Gargoyle Berserker began the quest for the Orb.
     0 | D:1      | Reached XP level 1. HP: 14/14 MP: 1/1
   134 | D:1      | Reached XP level 2. HP: 7/19 MP: 2/2
   559 | D:1      | Found a faded altar of an unknown god.
  1316 | D:2      | Reached XP level 3. HP: 24/24 MP: 3/3
  1362 | D:2      | Reached XP level 4. HP: 29/29 MP: 4/4
  1409 | D:2      | Reached ** piety under Trog
  2064 | D:3      | Noticed Terence
  2070 | D:3      | Killed Terence
  2513 | D:3      | Found a glowing drain.
  2518 | D:3      | Reached XP level 5. HP: 33/33 MP: 5/5
  2526 | Sewer    | Entered a sewer
  2553 | Sewer    | Noticed a kobold brigand
  2566 | Sewer    | Killed a kobold brigand
  2567 | Sewer    | Reached skill level 1 in Polearms
  2567 | Sewer    | Reached skill level 1 in Stealth
  2630 | Sewer    | Noticed a kobold brigand
  2639 | Sewer    | Killed a kobold brigand
  2640 | Sewer    | Reached XP level 6. HP: 39/39 MP: 6/6
  2962 | D:4      | Found a staircase to the Ecumenical Temple.
  3006 | D:4      | Reached XP level 7. HP: 36/44 MP: 7/7
  3068 | D:4      | Found a snail-covered altar of Cheibriados.
  3228 | D:4      | Found a radiant altar of Vehumet.
  3592 | D:5      | Entered Level 5 of the Dungeon
  3658 | D:5      | Noticed Eustachio
  3667 | D:5      | Killed Eustachio
  3668 | D:5      | Reached XP level 8. HP: 48/48 MP: 8/8
  3676 | D:5      | Reached *** piety under Trog
  3734 | D:5      | Found a white marble altar of Elyvilon.
  3734 | D:5      | Found a sacrificial altar of Ru.
  3784 | D:5      | Reached skill level 5 in Fighting
  3795 | D:5      | Reached skill level 5 in Polearms
  3895 | D:5      | Reached skill level 5 in Armour
  4070 | D:5      | Noticed Pikel
  4081 | D:5      | Killed Pikel
  4082 | D:5      | Reached XP level 9. HP: 34/55 MP: 9/9
  4697 | D:6      | Found Gyuh's Assorted Antiques.
  4700 | D:6      | Bought a glimmering spear for 232 gold pieces
  4700 | D:6      | Identified the +5 spear of Ascent {freeze, Fly rC+ Dex+3}
                  | (You bought it in a shop on level 6 of the Dungeon)
  4890 | D:6      | Noticed Menkaure
  4900 | D:6      | Killed Menkaure
  6154 | D:7      | Reached XP level 10. HP: 25/61 MP: 10/10
  6309 | D:7      | Found a glowing golden altar of the Shining One.
  6451 | D:7      | Found a broken altar of Ashenzari.
  6590 | D:7      | Noticed Duvessa
  6590 | D:7      | Noticed Dowan
  6595 | D:7      | Killed Duvessa
  6606 | D:7      | Killed Dowan
  6607 | D:7      | Reached skill level 5 in Dodging
  7187 | D:8      | Reached **** piety under Trog
  7867 | D:8      | Found a staircase to the Lair.
  7871 | D:8      | Identified the +1 dagger "Feiruil" {flame, rElec rC+ Int+4}
  8016 | D:8      | Found an ornate altar of the Wu Jian Council.
  8019 | D:8      | Found a burning altar of Makhleb.
  8022 | D:8      | Found a blossoming altar of Fedhas.
  8113 | D:8      | Noticed Prince Ribbit
  8128 | D:8      | Killed Prince Ribbit
  9181 | D:9      | Found Buteall's Jewellery Shoppe.
  9185 | D:9      | Reached skill level 10 in Polearms
  9246 | D:9      | Noticed a two-headed ogre
  9257 | D:9      | Killed a two-headed ogre
  9258 | D:9      | Reached XP level 11. HP: 68/68 MP: 11/11
  9319 | D:9      | Reached skill level 1 in Throwing
  9666 | D:9      | Found Coingigg's Assorted Antiques.
  9674 | D:9      | Bought 2 viscous white potions for 48 gold pieces
  9838 | D:9      | Identified the +8 chain mail "Toqa" {Dex+5}
  9875 | D:9      | Found a runed translucent gate.
  9875 | D:9      | Found a runed translucent gate.
  9875 | D:9      | Found a runed translucent gate.
  9911 | D:9      | Found Qoleash's Book Boutique.
  9980 | D:9      | Found Zebb's Jewellery Shoppe.
 10177 | D:9      | Found Dogotran's Assorted Antiques.
 10223 | D:9      | Noticed FIQ's ghost (journeyman DjCj)
 10271 | D:9      | Killed FIQ's ghost
 10396 | D:10     | Entered Level 10 of the Dungeon
 11231 | D:10     | Noticed a two-headed ogre
 11233 | D:10     | Noticed a two-headed ogre
 11246 | D:10     | Killed a two-headed ogre
 11252 | D:10     | Killed a two-headed ogre
 11474 | D:10     | Found Biesohy's Distillery.
 11482 | D:10     | Bought 2 potions of heal wounds for 120 gold pieces
 11502 | D:10     | Found a shimmering blue altar of Sif Muna.
 11627 | D:10     | Found a shadowy altar of Dithmenos.
 11813 | Lair:1   | Entered Level 1 of the Lair of Beasts
 12034 | D:8      | Reached XP level 12. HP: 42/76 MP: 12/12
 12348 | Lair:1   | Gained mutation: You have a pair of small horns on your
                  | head. [potion of mutation]
 12348 | Lair:1   | Gained mutation: Your muscles are strong. (Str +2) [potion
                  | of mutation]
 12500 | Lair:1   | Lost mutation: Your muscles are strong. (Str +2) [potion of
                  | mutation]
 12500 | Lair:1   | Lost mutation: You have a pair of small horns on your head.
                  | [potion of mutation]
 12500 | Lair:1   | Gained mutation: You have a pair of small horns on your
                  | head. [potion of mutation]
 12500 | Lair:1   | Gained mutation: You have supernaturally acute eyesight.
                  | (SInv) [potion of mutation]
 12500 | Lair:1   | Gained mutation: Your muscles are strong. (Str +2) [potion
                  | of mutation]
 12599 | Lair:1   | Reached skill level 10 in Fighting
 13711 | Lair:2   | Found a hole to the Spider Nest.
 14186 | Lair:2   | Found a staircase to the Shoals.
 14992 | Lair:3   | Noticed a four-headed hydra
 15005 | Lair:3   | Killed a four-headed hydra
 15035 | Lair:3   | Noticed a death yak
 15056 | Lair:3   | Killed a death yak
 15057 | Lair:3   | Reached skill level 10 in Armour
 15349 | Lair:3   | Noticed Amaemon
 15372 | Lair:3   | Killed Amaemon
 15373 | Lair:3   | Reached XP level 13. HP: 77/84 MP: 13/13
 17675 | Lair:5   | Found a runed translucent door.
 17790 | Lair:5   | Found a hide-covered altar of Uskayaw.
 18585 | Lair:5   | Noticed an entropy weaver
 18600 | Lair:5   | Killed an entropy weaver
 19041 | Lair:5   | Noticed an entropy weaver
 19057 | Lair:5   | Killed an entropy weaver
 19125 | Lair:5   | Gained mutation: Your large and strong wings let you fly.
                  | [Gargoyle growth]
 19125 | Lair:5   | Reached XP level 14. HP: 78/92 MP: 14/14
 19422 | Lair:5   | Noticed an entropy weaver
 19446 | Lair:5   | Killed an entropy weaver
 19595 | Lair:5   | Noticed an entropy weaver
 19607 | Lair:5   | Killed an entropy weaver
 19620 | Lair:5   | Identified the +1 robe of Coymitsa {+Blink rPois Int+4}
 19817 | Lair:6   | Entered Level 6 of the Lair of Beasts
 19851 | Lair:6   | Found a dark tunnel.
 19861 | Volcano  | Entered a volcano
 19881 | Volcano  | Found a burning altar of Makhleb.
 19882 | Volcano  | Noticed a red draconian
 20051 | Volcano  | Killed a red draconian
 21519 | Lair:6   | Found a viscous altar of Jiyva.
 21520 | Lair:6   | Found a staircase to the Slime Pits.
 21594 | Lair:6   | Reached skill level 15 in Polearms
 23275 | Lair:6   | Identified the +5 pearl dragon scales of Tomorrow {rC+ rN+
                  | Regen+ MP+9 Int+7}
 23350 | Lair:6   | Reached XP level 15. HP: 99/100 MP: 15/15
 23603 | Lair:6   | Found a corrupted altar of Lugonu.
 23603 | Lair:6   | Found a one-way gate to the infinite horrors of the Abyss.
 24238 | D:11     | Found Gir Duo's Armour Emporium.
 25152 | D:12     | Found a staircase to the Orcish Mines.
 25440 | D:12     | Noticed Snorg
 25450 | D:12     | Killed Snorg
 25576 | D:12     | Noticed Erolcha
 25583 | D:12     | Killed Erolcha
 25714 | D:12     | Identified the +6 flail of Causality {venom, *Corrode Will+
                  | Str+6}
 25874 | D:12     | Noticed Azrael
 25894 | D:12     | Killed Azrael
 26303 | Orc:1    | Entered Level 1 of the Orcish Mines
 26303 | Orc:1    | Found Quytaxkogg's Antique Armour Shoppe.
 26305 | Orc:1    | Noticed Josephine
 26325 | Orc:1    | Killed Josephine
 26350 | Orc:1    | Reached skill level 5 in Axes
 26406 | Orc:1    | Bought a translucent plate armour for 840 gold pieces
 26406 | Orc:1    | Identified the +4 plate armour of Time Monsters {rPois rF+
                  | Int+7 Stlth-} (You bought it in a shop on level 1 of the
                  | Orcish Mines)
 26922 | Orc:2    | Entered Level 2 of the Orcish Mines
 26922 | Orc:2    | Found a staircase to the Elven Halls.
 26934 | Orc:2    | Noticed an orc warlord
 26962 | Orc:1    | Killed an orc warlord
 27391 | Orc:2    | Found a frozen archway.
 27555 | Orc:2    | Found Osug's Distillery.
 27579 | Orc:2    | Found Vioreajy's General Store.
 28538 | Orc:2    | Bought a potion of heal wounds for 60 gold pieces
 28567 | Orc:2    | Reached skill level 15 in Fighting
 29259 | Orc:2    | Reached XP level 16. HP: 87/108 MP: 12/16
 29289 | Orc:2    | Found Jevoubla's Jewellery Emporium.
 29289 | Orc:2    | Found Hacoar's Antique Armour Shoppe.
 29290 | Orc:2    | Found a one-way gate leading to the halls of Pandemonium.
 29538 | D:13     | Noticed Ijustatesigmund's ghost (journeyman GrEE)
 29600 | D:13     | Found a runed translucent gate.
 29601 | D:13     | Found a runed translucent gate.
 29602 | D:13     | Found a runed translucent gate.
 29844 | D:13     | Identified the +8 falchion of Law {vorpal, *Rage *Corrode
                  | rC+++ Stlth+}
 29876 | D:13     | Found a gate to the Vaults.
 29901 | D:13     | Reached skill level 15 in Armour
 30228 | D:13     | Found Nedykkud's Book Shop.
 31147 | D:13     | Killed Ijustatesigmund's ghost
 31869 | D:14     | Lost mutation: You have a pair of small horns on your head.
                  | [potion of mutation]
 31869 | D:14     | Lost mutation: You have supernaturally acute eyesight.
                  | (SInv) [potion of mutation]
 31869 | D:14     | Gained mutation: You are agile. (Dex +2) [potion of
                  | mutation]
 31869 | D:14     | Gained mutation: Your mind is acute. (Int +2) [potion of
                  | mutation]
 31869 | D:14     | Gained mutation: Your spells are a little harder to cast,
                  | but a little more powerful. [potion of mutation]
 32074 | D:14     | Found Zitoomp's General Store.
 32075 | D:14     | Noticed Jorgrun
 32094 | D:14     | Killed Jorgrun
 32519 | D:15     | Entered Level 15 of the Dungeon
 33905 | D:15     | Found a staircase to the Depths.
 34261 | Spider:1 | Entered Level 1 of the Spider Nest
 34865 | Lair:2   | Slain by a wolf spider simulacrum

Illustrated notes

Levels and vault maps discovered:
D:1:      dpeg_arrival_simpleton_b, layout_loops_ring,
          ebering_ecumenical_altar_abandoned
D:2:      layout_basic
D:3:      layout_loops_cross, portal_sewer_entry_d, uniq_terence
D:4:      layout_loops_ring, mainiacjoe_overflow_boulevard,
          lemuel_crystal_altar, temple_pool_b, minmay_diced_spiral
D:5:      layout_loops_cross, gammafunk_temple_overflow_elements,
          uniq_eustachio, uniq_pikel
D:6:      layout_rooms, serial_shops, nicolae_stop_n_shop_2, hex_large,
          uniq_menkaure
D:7:      layout_rooms, mainiacjoe_overflow_large_starburst, minivault_10,
          chequers_jeans, uniq_duvessa
D:8:      layout_basic, minmay_overflow_temple_star_quad, dpeg_oklobed_lair,
          special_room [special_room_orc], uniq_prince_ribbit1
D:9:      layout_long_grid, gammafunk_ghost_spectres, serial_shops,
          nicolae_shop_stone, nicolae_square_shop, kennysheep_mini, shop,
          nicolae_stop_n_shop_1
D:10:     layout_big_octagon, nicolae_sif_muna_condensation,
          grunt_dithmenos_shadows, serial_shops, shop
D:11:     layout_irregular_city, serial_column_ruins, column_ruins_grid_5,
          column_ruins_open_tiny, column_ruins_columns_straight,
          column_ruins_columns_straight, column_ruins_corridor_straight,
          column_ruins_open_tiny_water, column_ruins_corridor_straight,
          serial_shops, shop
D:12:     layout_cave_pods, orc_0_dummy, minmay_sticks_and_stones, uniq_azrael,
          uniq_snorg, uniq_erolcha
D:13:     layout_layer_cave, grunt_vaults_entry_tiered,
          maelrawn_ghost_gauntlet_escape, serial_shops, nicolae_diamond_shop
D:14:     layout_basic, serial_shops, nicolae_shop_advertising_works
          [nicolae_subvault_shop_adworks], dreamdust_mushroom_princess,
          kennysheep_inner_square, uniq_jorgrun
D:15:     grunt_enter_depths_snipers, layout_loops_cross,
          roderic_serpentine_path
Lair:1:   layout_cave_pods, infiniplex_staircase_pool_2
Lair:2:   layout_regular_city, minmay_shoals_entry_hut,
          spider_nest_entry_web_field, chequers_serial_rivers_small_b,
          nicolae_quartered_pool_medium, beast_lair_carwin_6,
          serial_bayou_shore_b, grunt_megastairs_3, serial_bayou_shore_a
Lair:3:   layout_long_grid, uniq_amaemon
Lair:4:   layout_hall_layers
Lair:5:   gammafunk_mikee_crab_dinner, layout_regular_city, basic_altar,
          lemuel_fruit_tree
Lair:6:   hellmonk_lair_end_abyssal_woods, layout_long_grid,
          dpeg_slime_entry_enclosed_altar, nicolae_volcano_entry_hallway,
          hangedman_lair_generics_rect
Spider:1: layout_spider_delve
Orc:1:    layout_caves, serial_shops, shop, nicolae_orc_rockfall, uniq_josephine
Orc:2:    pf_orc_diabolical, layout_caves, portal_ice_cave_entry_pillars_1

Skill      XL: |  1  2  3  4  5  6  7  8  9 10 11 12 13 14 15 16 |
---------------+-------------------------------------------------+-----
Axes           | 3 5 |  5.9
Fighting       | 4 5 6 7 9 11 12 13 15 16 | 16.6
Dodging        | 2 3 4 5 6 7 8 |  8.5
Polearms       | 1 2 4 7 8 10 11 13 14 15 16 | 16.4
Stealth        | 1 2 3 4 |  4.6
Armour         | 3 4 5 6 8 10 11 13 14 15 | 15.7
Throwing       | 1 2 |  2.6

Action                   |  1- 3 |  4- 6 |  7- 9 | 10-12 | 13-15 | 16-18 || total
-------------------------+-------+-------+-------+-------+-------+-------++-------
Melee: Hand axe          |    64 |    13 |       |       |   156 |       ||   233
       Trident           |       |    95 |   345 |   834 |  1370 |   555 ||  3199
       Punch             |       |     1 |     6 |    16 |    25 |    12 ||    60
       Headbutt          |       |       |       |    71 |   526 |    85 ||   682
       Spear             |       |       |       |       |   105 |    56 ||   161
Throw: Dart              |       |       |     2 |    15 |     8 |       ||    25
Invok: Berserk           |     1 |     2 |     4 |     6 |    12 |     5 ||    30
       Trog's Hand       |       |     1 |     6 |    16 |    30 |    13 ||    66
       Brothers in Arms  |       |       |       |     1 |     2 |       ||     3
  Use: Scroll            |     5 |     8 |     7 |    13 |    14 |     4 ||    51
       Potion            |       |       |     1 |     3 |     2 |     1 ||     7
 Stab: Sleeping          |       |       |       |     1 |       |       ||     1
       Petrified         |       |       |       |       |     5 |       ||     5
Armor: Animal skin       |    21 |       |       |       |       |       ||    21
       Ring mail         |    13 |    98 |   251 |   185 |       |       ||   547
       Skin              |       |       |       |    48 |       |       ||    48
       Chain mail        |       |       |       |   439 |  1098 |   597 ||  2134
       Plate armour      |       |       |       |       |     3 |       ||     3
Dodge: Dodged            |    48 |   100 |   268 |   690 |  1000 |   488 ||  2594

Table legend: (Time is in decaauts)
 A = Elapsed time spent in this place.
 B = Non-inter-level travel time spent in this place.
 C = Inter-level travel time spent in this place.
 D = Time resting spent in this place.
 E = Time spent auto-exploring this place.
 F = Levels seen in this place.
 G = Mean time per level.
                   A        B        C        D        E       F      G
               +--------+--------+--------+--------+--------+-----+--------+
         Total |  34121 |  32852 |   1269 |   5295 |  21054 |  26 | 1312.3 |
       Dungeon |  18781 |  17893 |    888 |   1885 |  12588 |  15 | 1252.1 |
          Lair |  11219 |  10917 |    302 |   2128 |   6880 |   6 | 1869.8 |
   Spider Nest |     90 |     90 |      0 |      0 |     18 |   1 |   90.0 |
  Orcish Mines |   2982 |   2905 |     77 |    996 |   1162 |   2 | 1491.0 |
         Sewer |    331 |    331 |      0 |      0 |    171 |   1 |  331.0 |
       Volcano |    716 |    716 |      0 |    285 |    235 |   1 |  716.0 |
               +--------+--------+--------+--------+--------+-----+--------+

Top non-repeatable levels by time:
  Lair:6: 3073 daAuts
  Lair:5: 2398 daAuts
     D:7: 2300 daAuts
   Orc:2: 2171 daAuts
  Lair:2: 1991 daAuts
    D:13: 1925 daAuts
     D:9: 1683 daAuts
     D:8: 1602 daAuts
    D:15: 1502 daAuts
  Lair:3: 1419 daAuts
  Lair:1: 1366 daAuts
    D:12: 1242 daAuts
     D:5: 1138 daAuts
     D:1: 1127 daAuts
    D:14: 1048 daAuts
